Wranglers vs Gulls
Created - December 29, 2024 at 19:46
Goals
|
| Wranglers |
0 |
1 |
2 |
3 |
| Gulls |
1 |
2 |
1 |
4 |
|
Shots
|
| Wranglers |
12 |
12 |
12 |
36 |
| Gulls |
4 |
13 |
11 |
28 |
|
1st period
1. Gulls , Jakub Vrana 14 (Logan Brown 31) at 11:52
Penalties :
Scott Wilson (S.D) for Interference (Minor) at 0:44, Barclay Goodrow (Cal) for Hooking (Minor) at 14:40
2nd period
2. Gulls , Logan Brown 9 (Anton Blidh 18, Dean Kukan 11) at 1:34
3. Gulls , Jakub Vrana 15 (Logan Brown 32) at 11:51
4. Wranglers , Nico Sturm 18 (Peter Cehlarik 25, Christian Jaros 9) at 15:20
Penalties :
Erik Brannstrom (Cal) for Holding (Minor) at 7:03, Frank Corrado (Cal) for Delaying the game (Minor) at 13:32, Jakub Vrana (S.D) for Roughing (Minor) at 13:39
3rd period
5. Wranglers , Taylor Raddysh 8 (Erik Brannstrom 22, Barclay Goodrow 22) at 1:39
6. Wranglers , Taylor Raddysh 9 (Tanner Jeannot 10, Erik Brannstrom 23) at 10:11
7. Gulls , Nick Merkley 5 (Henri Ikonen 5) at 15:58
Penalties :
Anton Blidh (S.D) for High sticking (Minor) at 1:56, Sergey Tolchinsky (S.D) for Diving (Minor) at 10:16, Erik Brannstrom (Cal) for High sticking (Double Minor) at 19:23
Goalie Stats
Vitek Vanecek (Cal), 24 saves from 28 shots - (0.857), L, 13-4-1, 60:00 minutes
Louis Domingue (S.D), 33 saves from 36 shots - (0.917), W, 12-8-5, 60:00 minutes
Players Stats for Wranglers
Player Name G A P +/- PIM S H SB GA TA FO MP PP MP PK MP
------------------------------------------------------------------------------------
Barclay Goodrow 0 1 1 0 2 0 2 1 1 0 0/0 21:13 3:15 0:34
Brandon Hickey 0 0 0 -1 0 1 0 2 0 0 0/0 20:58 2:40 1:39
Chandler Stephenson 0 0 0 -3 0 1 1 0 0 2 7/16 17:00 2:44 1:06
Christian Jaros 0 1 1 0 0 1 1 1 0 0 0/0 20:13 2:37 1:39
Dominik Masin 0 0 0 -1 0 1 0 1 0 0 0/0 15:16 0:00 3:02
Erik Brannstrom 0 2 2 1 6 3 1 4 1 2 0/0 24:10 3:27 0:07
Frank Corrado 0 0 0 1 2 2 1 3 0 1 0/0 28:34 3:27 2:55
Jesper Bratt 0 0 0 -3 0 3 3 0 1 0 0/0 15:56 2:41 0:00
Kaapo Kakko 0 0 0 0 0 0 0 1 0 0 0/0 6:27 0:00 0:00
Nico Sturm 1 0 1 1 0 5 0 0 2 0 12/31 23:40 3:15 1:19
Peter Cehlarik 0 1 1 1 0 5 3 1 1 0 1/2 24:22 3:15 2:31
Phillip Danault 0 0 0 -3 0 2 1 0 1 1 1/3 16:17 0:08 2:29
Ryan Donato 0 0 0 1 0 1 0 0 0 0 2/2 10:32 0:05 0:00
Tanner Jeannot 0 1 1 1 0 3 2 0 0 0 0/1 12:43 2:41 0:00
Taylor Raddysh 2 0 2 1 0 6 3 0 0 0 0/0 10:32 0:05 0:00
Trevor Carrick 0 0 0 -2 0 0 0 1 0 0 0/0 10:54 0:00 0:00
Vitali Kravtsov 0 0 0 0 0 1 1 0 1 0 0/0 8:09 0:00 1:23
Vladislav Kamenev 0 0 0 0 0 1 0 0 0 0 1/2 6:27 0:00 0:00
Players Stats for Gulls
Player Name G A P +/- PIM S H SB GA TA FO MP PP MP PK MP
------------------------------------------------------------------------------------
Andrei Mironov 0 0 0 2 0 0 1 0 0 1 0/0 23:46 3:07 0:00
Anton Blidh 0 1 1 1 2 2 1 1 0 0 1/2 22:00 2:35 1:40
Barrett Hayton 0 0 0 1 0 0 1 0 0 0 3/5 8:35 0:06 1:09
Connor Clifton 0 0 0 0 0 1 0 0 0 1 0/0 14:50 0:00 2:20
Dean Kukan 0 1 1 1 0 0 1 5 0 0 0/0 29:33 3:07 3:41
Dylan DeMelo 0 0 0 0 0 1 2 1 1 0 0/0 18:52 1:34 2:23
Henri Ikonen 0 1 1 1 0 2 0 0 0 0 1/1 8:37 0:01 0:51
Jack Glover 0 0 0 0 0 3 0 0 0 0 0/0 15:37 1:34 0:03
Jakub Vrana 2 0 2 2 2 3 0 2 0 1 4/6 22:52 2:34 3:13
Logan Brown 1 2 3 1 0 7 0 1 2 0 21/32 23:39 2:30 3:05
Luke Kunin 0 0 0 -1 0 1 2 0 0 0 1/2 10:40 0:00 0:00
Mikhail Maltsev 0 0 0 -1 0 0 0 1 0 0 0/0 10:40 0:00 0:00
Morgan Frost 0 0 0 0 0 3 3 1 0 0 2/6 14:36 2:05 0:00
Nick Merkley 1 0 1 1 0 1 0 0 0 1 0/0 6:51 0:00 0:00
Scott Wilson 0 0 0 0 2 1 2 0 1 3 0/1 16:31 2:06 0:55
Sergey Tolchinsky 0 0 0 0 2 2 5 0 1 1 0/1 16:19 2:05 1:15
Tarmo Reunanen 0 0 0 -1 0 0 1 0 0 0 0/0 17:22 0:00 3:41
Troy Terry 0 0 0 -1 0 1 1 0 1 0 0/1 10:40 0:00 0:00
3 Stars
1 - Taylor Raddysh (Cal)
2 - Logan Brown (S.D)
3 - Jakub Vrana (S.D)
Power Play
Wranglers - 0 on 4 Attempt(s) - 0.00%
Gulls - 0 on 5 Attempt(s) - 0.00%
Penalty Kill
Wranglers - 5 on 5 Attempt(s) - 100.00%
- Score 0 goal in Penalty Kill
Gulls - 4 on 4 Attempt(s) - 100.00%
- Score 0 goal in Penalty Kill
Team Stat
Wranglers - Hits : 19 - Faceoff Wins : 24 - Blocked Shots : 15 - Penalty Minutes : 10
Gulls - Hits : 20 - Faceoff Wins : 33 - Blocked Shots : 12 - Penalty Minutes : 8
Official
Referees : Kendrick Nicholson and Reid Anderson
Linesman : Michel Cormier and Ryan Gibbons
Game Notes
No Game Note
Finance
Level 1 -- Attendance: 1896 (94.80%) -- Ticket Income $132,720
Level 2 -- Attendance: 933 (93.30%) -- Ticket Income $37,320
Total Attendance: 2829 (94.30%)
Total Ticket Income: $170,040
Other Income: $8,502
Total Income: $178,542
Wranglers
5 vs 5 Forward
Center Left Wing Right Wing Time % Phy DF OF
1 Nico Sturm Peter Cehlarik Barclay Goodrow 40 1 2 2
2 Chandler Stephenson Jesper Bratt Phillip Danault 30 1 2 2
3 Ryan Donato Tanner Jeannot Taylor Raddysh 20 1 2 2
4 Vladislav Kamenev Vitali Kravtsov Kaapo Kakko 10 1 2 2
5 vs 5 Defense
Defense Defense Time % Phy DF OF
1 Erik Brannstrom Frank Corrado 40 1 2 2
2 Brandon Hickey Christian Jaros 30 1 2 2
3 Dominik Masin Trevor Carrick 20 1 2 2
4 Brandon Hickey Frank Corrado 10 1 2 2
PowerPlay Forward
Center Left Wing Right Wing Time % Phy DF OF
1 Nico Sturm Peter Cehlarik Barclay Goodrow 60 1 2 2
2 Chandler Stephenson Jesper Bratt Tanner Jeannot 40 1 2 2
PowerPlay Defense
Defense Defense Time % Phy DF OF
1 Erik Brannstrom Frank Corrado 60 1 2 2
2 Brandon Hickey Christian Jaros 40 1 2 2
Penalty Kill 4 Players Forward
Center Wing Time % Phy DF OF
1 Phillip Danault Peter Cehlarik 60 1 2 2
2 Nico Sturm Barclay Goodrow 40 1 2 2
Penalty Kill 4 Players Defense
Defense Defense Time % Phy DF OF
1 Dominik Masin Frank Corrado 60 1 2 2
2 Brandon Hickey Christian Jaros 40 1 2 2
Penalty Kill - 3 Players Forward
Forward Time % Phy DF OF
1 Phillip Danault 60 1 2 2
2 Nico Sturm 40 1 2 2
Penalty Kill - 3 Players Defense
Defense Defense Time % Phy DF OF
1 Dominik Masin Frank Corrado 60 1 2 2
2 Brandon Hickey Christian Jaros 40 1 2 2
4 vs 4 Forward
Center Wing Time % Phy DF OF
1 Nico Sturm Peter Cehlarik 60 1 2 2
2 Chandler Stephenson Phillip Danault 40 1 2 2
4 vs 4 Defense
Defense Defense Time % Phy DF OF
1 Dominik Masin Frank Corrado 60 1 2 2
2 Brandon Hickey Christian Jaros 40 1 2 2
Last Minutes Offensive
Center Left Wing Right Wing Defense Defense
Nico Sturm Peter Cehlarik Barclay Goodrow Erik Brannstrom Frank Corrado
Last Minutes Defensive
Center Left Wing Right Wing Defense Defense
Nico Sturm Peter Cehlarik Barclay Goodrow Dominik Masin Frank Corrado
Goaltenders
Starting : Vitek Vanecek
Backup : Joel Hofer
Extra Forwards
Normal : Jesper Bratt, Peter Cehlarik, Nico Sturm - PP : Jesper Bratt, Chandler Stephenson - PK : Nico Sturm
Extra Defensemen
Normal : Christian Jaros, Brandon Hickey, Dominik Masin - PP : Dominik Masin - PK : Erik Brannstrom, Christian Jaros
Penalty Shots
Jesper Bratt, Peter Cehlarik, Nico Sturm, Chandler Stephenson, Barclay Goodrow
Custom OT Lines Forwards
Tanner Jeannot, Peter Cehlarik, Chandler Stephenson, Nico Sturm, Jesper Bratt, Taylor Raddysh, Phillip Danault, Ryan Donato, Barclay Goodrow, Vladislav Kamenev
Custom OT Lines Defensemen
Erik Brannstrom, Frank Corrado, Brandon Hickey, Christian Jaros, Dominik Masin
Scratches
Filip Hallander (Healthy), Skyler Brind'Amour (Healthy), Darren Raddysh (Healthy), Tim Berni (Healthy), Petteri Lindbohm (Healthy)
Ivan Chekhovich (Healthy), Radim Zohorna (Healthy), Demetrios Koumontzis (Healthy), Zac Jones (Healthy), Yegor Zaitsev (Healthy)
Lucas Feuk (Healthy), Cole Schwindt (Healthy), Collin Delia (Healthy)
Gulls
5 vs 5 Forward
Center Left Wing Right Wing Time % Phy DF OF
1 Logan Brown Anton Blidh Jakub Vrana 40 1 2 2
2 Morgan Frost Sergey Tolchinsky Scott Wilson 30 1 2 2
3 Luke Kunin Mikhail Maltsev Troy Terry 20 1 2 2
4 Barrett Hayton Henri Ikonen Nick Merkley 10 1 2 2
5 vs 5 Defense
Defense Defense Time % Phy DF OF
1 Dean Kukan Andrei Mironov 40 1 2 2
2 Dylan DeMelo Jack Glover 30 1 2 2
3 Connor Clifton Tarmo Reunanen 20 1 2 2
4 Dean Kukan Andrei Mironov 10 1 2 2
PowerPlay Forward
Center Left Wing Right Wing Time % Phy DF OF
1 Logan Brown Anton Blidh Jakub Vrana 60 1 2 2
2 Morgan Frost Sergey Tolchinsky Scott Wilson 40 1 2 2
PowerPlay Defense
Defense Defense Time % Phy DF OF
1 Dean Kukan Andrei Mironov 60 1 2 2
2 Dylan DeMelo Jack Glover 40 1 2 2
Penalty Kill 4 Players Forward
Center Wing Time % Phy DF OF
1 Jakub Vrana Logan Brown 60 1 2 2
2 Scott Wilson Anton Blidh 40 1 2 2
Penalty Kill 4 Players Defense
Defense Defense Time % Phy DF OF
1 Dean Kukan Tarmo Reunanen 60 1 2 2
2 Dylan DeMelo Connor Clifton 40 1 2 2
Penalty Kill - 3 Players Forward
Forward Time % Phy DF OF
1 Jakub Vrana 60 1 2 2
2 Logan Brown 40 1 2 2
Penalty Kill - 3 Players Defense
Defense Defense Time % Phy DF OF
1 Connor Clifton Andrei Mironov 60 1 2 2
2 Tarmo Reunanen Jack Glover 40 1 2 2
4 vs 4 Forward
Center Wing Time % Phy DF OF
1 Jakub Vrana Logan Brown 60 1 2 2
2 Scott Wilson Anton Blidh 40 1 2 2
4 vs 4 Defense
Defense Defense Time % Phy DF OF
1 Dean Kukan Tarmo Reunanen 60 1 2 2
2 Dylan DeMelo Jack Glover 40 1 2 2
Last Minutes Offensive
Center Left Wing Right Wing Defense Defense
Logan Brown Anton Blidh Jakub Vrana Dean Kukan Andrei Mironov
Last Minutes Defensive
Center Left Wing Right Wing Defense Defense
Logan Brown Anton Blidh Jakub Vrana Dean Kukan Andrei Mironov
Goaltenders
Starting : Louis Domingue
Backup : Eamon McAdam
Extra Forwards
Normal : Anton Blidh, Jakub Vrana, Scott Wilson - PP : Jakub Vrana, Anton Blidh - PK : Sergey Tolchinsky
Extra Defensemen
Normal : Connor Clifton, Tarmo Reunanen, Dean Kukan - PP : Connor Clifton - PK : Tarmo Reunanen, Dean Kukan
Penalty Shots
Jakub Vrana, Logan Brown, Scott Wilson, Anton Blidh, Sergey Tolchinsky
Custom OT Lines Forwards
Jakub Vrana, Logan Brown, Scott Wilson, Anton Blidh, Sergey Tolchinsky, Troy Terry, Morgan Frost, Luke Kunin, Mikhail Maltsev, Henri Ikonen
Custom OT Lines Defensemen
Dean Kukan, Andrei Mironov, Dylan DeMelo, Jack Glover, Connor Clifton
Scratches
Branden Troock (Healthy), Damien Giroux (Healthy), Jake Pivonka (Healthy), Francis Perron (Healthy), Ryan Collins (Healthy)
Taylor Leier (Healthy), MacKenzie Entwistle (Healthy), Zack MacEwen (Healthy), Niklas Nordgren (Healthy), John Beecher (Healthy)
Massimo Rizzo (Healthy), Markus Niemelainen (Bruised Left Arm Injury), Drew Helleson (Healthy), Pavel Dorofeyev (Healthy), Alexis Gravel (Healthy)
Connor Ingram (Healthy), Mads Sogaard (Healthy)
% Time on Ice - Wranglers
Lines # - Real PCT - Wanted PCT - Time Play
Normal Forward
1 - 36% - 40% - 16:59
2 - 29% - 30% - 13:34
3 - 21% - 20% - 9:47
4 - 14% - 10% - 6:27
Normal Defense
1 - 43% - 40% - 19:56
2 - 30% - 30% - 14:16
3 - 22% - 20% - 10:23
4 - 5% - 10% - 2:12
PP Forward
1 - 55% - 60% - 3:20
2 - 45% - 40% - 2:44
PP Defense
1 - 57% - 60% - 3:27
2 - 43% - 40% - 2:37
PK Forward
1 - 82% - 60% - 3:51
2 - 18% - 40% - 0:50
PK Defense
1 - 65% - 60% - 3:02
2 - 35% - 40% - 1:39
PK3 Forward
1 - 0% - 60%
2 - 0% - 40%
PK3 Defense
1 - 0% - 60%
2 - 0% - 40%
44 Forward
1 - 90% - 60% - 1:41
2 - 10% - 40% - 0:11
44 Defense
1 - 100% - 60% - 1:52
2 - 0% - 40% - 0:00
Last Minute Offensive - 0:36
Last Minute Defensive - 0:00
Total
Forward - 60:00
Defense - 60:00
|
% Time on Ice - Gulls
Lines # - Real PCT - Wanted PCT - Time Play
Normal Forward
1 - 35% - 40% - 16:29
2 - 27% - 30% - 12:46
3 - 23% - 20% - 10:40
4 - 15% - 10% - 6:51
Normal Defense
1 - 42% - 40% - 19:27
2 - 31% - 30% - 14:17
3 - 23% - 20% - 10:51
4 - 5% - 10% - 2:11
PP Forward
1 - 55% - 60% - 2:35
2 - 45% - 40% - 2:06
PP Defense
1 - 67% - 60% - 3:07
2 - 33% - 40% - 1:34
PK Forward
1 - 72% - 60% - 4:21
2 - 28% - 40% - 1:43
PK Defense
1 - 61% - 60% - 3:41
2 - 39% - 40% - 2:23
PK3 Forward
1 - 0% - 60%
2 - 0% - 40%
PK3 Defense
1 - 0% - 60%
2 - 0% - 40%
44 Forward
1 - 100% - 60% - 1:52
2 - 0% - 40% - 0:00
44 Defense
1 - 90% - 60% - 1:41
2 - 10% - 40% - 0:11
Last Minute Offensive - 0:00
Last Minute Defensive - 0:37
Total
Forward - 60:00
Defense - 60:00
|
Play-by-Play
1st period
0:01 of 1st period - Logan Brown wins face-off versus Nico Sturm in neutral zone.
0:44 of 1st period - Minor Penalty to Scott Wilson for Interference.
0:45 of 1st period - Nico Sturm wins face-off versus Jakub Vrana in Gulls zone.
1:24 of 1st period - Connor Clifton is hit by Jesper Bratt and loses puck.
2:44 of 1st period - Penalty to Scott Wilson is over, Scott Wilson is back on ice.
2:46 of 1st period - Jakub Vrana is hit by Taylor Raddysh and loses puck.
2:57 of 1st period - Wrist shot by Phillip Danault.
2:57 of 1st period - Stopped by Louis Domingue with a rebound.
3:15 of 1st period - Tarmo Reunanen is hit by Vitali Kravtsov and loses puck.
3:44 of 1st period - Nico Sturm is hit by Dylan DeMelo and loses puck.
4:32 of 1st period - Andrei Mironov is hit by Taylor Raddysh and loses puck.
5:03 of 1st period - Dominik Masin is hit by Sergey Tolchinsky and loses puck.
6:46 of 1st period - Mikhail Maltsev is hit by Frank Corrado and loses puck.
7:07 of 1st period - Dean Kukan is hit by Tanner Jeannot and loses puck.
7:16 of 1st period - Dean Kukan is hit by Tanner Jeannot and loses puck.
7:27 of 1st period - Scott Wilson is hit by Peter Cehlarik and loses puck.
7:32 of 1st period - Snap shot by Nico Sturm.
7:32 of 1st period - Stopped by Louis Domingue with a rebound.
8:15 of 1st period - Backhand shot by Taylor Raddysh.
8:15 of 1st period - Stopped by Louis Domingue with a rebound.
8:17 of 1st period - Snap shot by Frank Corrado.
8:17 of 1st period - Stopped by Louis Domingue without a rebound.
8:18 of 1st period - Nico Sturm wins face-off versus Barrett Hayton in Gulls zone.
8:44 of 1st period - Tarmo Reunanen is hit by Jesper Bratt and loses puck.
9:10 of 1st period - Taylor Raddysh is hit by Troy Terry.
9:27 of 1st period - Brandon Hickey is hit by Sergey Tolchinsky and loses puck.
9:56 of 1st period - Nico Sturm is hit by Barrett Hayton and loses puck.
10:31 of 1st period - Wrist shot by Peter Cehlarik.
10:31 of 1st period - Stopped by Louis Domingue with a rebound.
11:00 of 1st period - Icing by Jesper Bratt.
11:01 of 1st period - Chandler Stephenson wins face-off versus Troy Terry in Wranglers zone.
11:01 of 1st period - Chandler Stephenson is hit by Tarmo Reunanen.
11:42 of 1st period - Slapshot by Mikhail Maltsev.
11:42 of 1st period - Deflect By Troy Terry.
11:42 of 1st period - Shot Misses the Net.
11:42 of 1st period - Puck is out of play.
11:43 of 1st period - Chandler Stephenson wins face-off versus Logan Brown in Wranglers zone.
11:50 of 1st period - Wrist shot by Logan Brown.
11:50 of 1st period - Shot Misses the Net.
11:52 of 1st period - Snap shot by Jakub Vrana.
11:52 of 1st period - Goal by Jakub Vrana - Wranglers : 0 - Gulls : 1.
11:53 of 1st period - Logan Brown wins face-off versus Nico Sturm in neutral zone.
12:19 of 1st period - Erik Brannstrom is hit by Scott Wilson.
12:52 of 1st period - Slapshot by Tanner Jeannot.
12:52 of 1st period - Stopped by Louis Domingue with a rebound.
13:04 of 1st period - Wrist shot by Nick Merkley.
13:04 of 1st period - Deflect By Barrett Hayton.
13:04 of 1st period - Shot Misses the Net.
13:04 of 1st period - Puck is out of play.
13:05 of 1st period - Barrett Hayton wins face-off versus Nico Sturm in Wranglers zone.
13:20 of 1st period - Wrist shot by Barrett Hayton.
13:20 of 1st period - Shot Blocked by Peter Cehlarik.
14:25 of 1st period - Wrist shot by Taylor Raddysh.
14:25 of 1st period - Stopped by Louis Domingue with a rebound.
14:40 of 1st period - Minor Penalty to Barclay Goodrow for Hooking.
14:41 of 1st period - Logan Brown wins face-off versus Phillip Danault in Wranglers zone.
14:57 of 1st period - Snap shot by Phillip Danault.
14:57 of 1st period - Shot Blocked by Dean Kukan.
16:40 of 1st period - Penalty to Barclay Goodrow is over, Barclay Goodrow is back on ice.
16:44 of 1st period - Snap shot by Barclay Goodrow.
16:44 of 1st period - Shot Blocked by Dylan DeMelo.
16:46 of 1st period - Snap shot by Christian Jaros.
16:46 of 1st period - Deflect By Dylan DeMelo.
16:46 of 1st period - Stopped by Louis Domingue with a rebound.
17:26 of 1st period - Snap shot by Taylor Raddysh.
17:26 of 1st period - Shot Hit the Post.
17:28 of 1st period - Wrist shot by Ryan Donato.
17:28 of 1st period - Stopped by Louis Domingue with a rebound.
17:30 of 1st period - Backhand shot by Brandon Hickey.
17:30 of 1st period - Stopped by Louis Domingue with a rebound.
17:58 of 1st period - Morgan Frost is hit by Erik Brannstrom and loses puck.
18:05 of 1st period - Wrist shot by Jesper Bratt.
18:05 of 1st period - Stopped by Louis Domingue with a rebound.
18:23 of 1st period - Nico Sturm is hit by Luke Kunin and loses puck.
18:34 of 1st period - Wrist shot by Barrett Hayton.
18:34 of 1st period - Shot Misses the Net.
18:36 of 1st period - Slapshot by Jack Glover.
18:36 of 1st period - Stopped by Vitek Vanecek with a rebound.
18:38 of 1st period - Wrist shot by Henri Ikonen.
18:38 of 1st period - Shot Misses the Net.
18:40 of 1st period - Wrist shot by Henri Ikonen.
18:40 of 1st period - Stopped by Vitek Vanecek with a rebound.
19:20 of 1st period - Snap shot by Ryan Donato.
19:20 of 1st period - Shot Misses the Net.
19:22 of 1st period - Slapshot by Tanner Jeannot.
19:22 of 1st period - Shot Misses the Net.
19:24 of 1st period - Snap shot by Trevor Carrick.
19:24 of 1st period - Shot Blocked by Mikhail Maltsev.
19:26 of 1st period - Slapshot by Dominik Masin.
19:26 of 1st period - Stopped by Louis Domingue with a rebound.
19:56 of 1st period - Snap shot by Anton Blidh.
19:56 of 1st period - Shot Blocked by Christian Jaros.
19:58 of 1st period - Wrist shot by Logan Brown.
19:58 of 1st period - Stopped by Vitek Vanecek with a rebound.
Goals for this period are 0 for Wranglers vs 1 for Gulls.
Shots for this period are 12 for Wranglers vs 4 for Gulls.
2nd period
0:01 of 2nd period - Nico Sturm wins face-off versus Logan Brown in neutral zone.
0:28 of 2nd period - Snap shot by Sergey Tolchinsky.
0:28 of 2nd period - Deflect By Scott Wilson.
0:28 of 2nd period - Shot Blocked by Erik Brannstrom.
0:28 of 2nd period - Puck is out of play.
0:29 of 2nd period - Morgan Frost wins face-off versus Chandler Stephenson in Wranglers zone.
0:30 of 2nd period - Wrist shot by Sergey Tolchinsky.
0:30 of 2nd period - Shot Blocked by Brandon Hickey.
0:32 of 2nd period - Snap shot by Scott Wilson.
0:32 of 2nd period - Shot Misses the Net.
0:44 of 2nd period - Slapshot by Jesper Bratt.
0:44 of 2nd period - Stopped by Louis Domingue without a rebound.
0:45 of 2nd period - Nico Sturm wins face-off versus Logan Brown in Gulls zone.
0:57 of 2nd period - Backhand shot by Peter Cehlarik.
0:57 of 2nd period - Stopped by Louis Domingue without a rebound.
0:58 of 2nd period - Jakub Vrana wins face-off versus Nico Sturm in Gulls zone.
1:12 of 2nd period - Wrist shot by Barclay Goodrow.
1:12 of 2nd period - Shot Blocked by Dean Kukan.
1:14 of 2nd period - Slapshot by Frank Corrado.
1:14 of 2nd period - Stopped by Louis Domingue with a rebound.
1:34 of 2nd period - Wrist shot by Logan Brown.
1:34 of 2nd period - Goal by Logan Brown - Wranglers : 0 - Gulls : 2.
1:35 of 2nd period - Nico Sturm wins face-off versus Sergey Tolchinsky in neutral zone.
1:46 of 2nd period - Slapshot by Sergey Tolchinsky.
1:46 of 2nd period - Shot Misses the Net.
2:09 of 2nd period - Logan Brown is hit by Jesper Bratt and loses puck.
2:42 of 2nd period - Ryan Donato is hit by Morgan Frost and loses puck.
2:47 of 2nd period - Slapshot by Sergey Tolchinsky.
2:47 of 2nd period - Stopped by Vitek Vanecek with a rebound.
2:49 of 2nd period - Snap shot by Morgan Frost.
2:49 of 2nd period - Stopped by Vitek Vanecek with a rebound.
2:59 of 2nd period - Connor Clifton is hit by Barclay Goodrow and loses puck.
4:30 of 2nd period - Backhand shot by Frank Corrado.
4:30 of 2nd period - Deflect By Phillip Danault.
4:30 of 2nd period - Shot Misses the Net.
4:30 of 2nd period - Puck is out of play.
4:31 of 2nd period - Logan Brown wins face-off versus Chandler Stephenson in Gulls zone.
4:56 of 2nd period - Peter Cehlarik is hit by Morgan Frost.
5:00 of 2nd period - Slapshot by Sergey Tolchinsky.
5:00 of 2nd period - Shot Misses the Net.
5:02 of 2nd period - Snap shot by Sergey Tolchinsky.
5:02 of 2nd period - Shot Misses the Net.
5:04 of 2nd period - Wrist shot by Morgan Frost.
5:04 of 2nd period - Shot Blocked by Barclay Goodrow.
5:06 of 2nd period - Slapshot by Dean Kukan.
5:06 of 2nd period - Shot Blocked by Trevor Carrick.
5:28 of 2nd period - Wrist shot by Ryan Donato.
5:28 of 2nd period - Shot Blocked by Dean Kukan.
6:36 of 2nd period - Wrist shot by Taylor Raddysh.
6:36 of 2nd period - Stopped by Louis Domingue with a rebound.
6:52 of 2nd period - Slapshot by Troy Terry.
6:52 of 2nd period - Shot Blocked by Frank Corrado.
6:54 of 2nd period - Slapshot by Dylan DeMelo.
6:54 of 2nd period - Deflect By Peter Cehlarik.
6:54 of 2nd period - Stopped by Vitek Vanecek without a rebound.
6:55 of 2nd period - Logan Brown wins face-off versus Chandler Stephenson in Wranglers zone.
7:03 of 2nd period - Minor Penalty to Erik Brannstrom for Holding.
7:04 of 2nd period - Peter Cehlarik wins face-off versus Logan Brown in Wranglers zone.
7:31 of 2nd period - Phillip Danault is hit by Scott Wilson and loses puck.
7:38 of 2nd period - Slapshot by Morgan Frost.
7:38 of 2nd period - Shot Misses the Net.
8:41 of 2nd period - Christian Jaros is hit by Anton Blidh and loses puck.
9:03 of 2nd period - Penalty to Erik Brannstrom is over, Erik Brannstrom is back on ice.
9:07 of 2nd period - Icing by Barrett Hayton.
9:08 of 2nd period - Ryan Donato wins face-off versus Barrett Hayton in Gulls zone.
9:46 of 2nd period - Snap shot by Dylan DeMelo.
9:46 of 2nd period - Deflect By Nick Merkley.
9:46 of 2nd period - Shot Blocked by Dominik Masin.
9:46 of 2nd period - Puck is out of play.
9:47 of 2nd period - Barrett Hayton wins face-off versus Chandler Stephenson in Wranglers zone.
10:23 of 2nd period - Snap shot by Nick Merkley.
10:23 of 2nd period - Shot Misses the Net.
10:25 of 2nd period - Wrist shot by Henri Ikonen.
10:25 of 2nd period - Deflect By Barrett Hayton.
10:25 of 2nd period - Shot Misses the Net.
10:25 of 2nd period - Puck is out of play.
10:26 of 2nd period - Logan Brown wins face-off versus Nico Sturm in Wranglers zone.
10:27 of 2nd period - Wrist shot by Anton Blidh.
10:27 of 2nd period - Shot Misses the Net.
10:33 of 2nd period - Snap shot by Logan Brown.
10:33 of 2nd period - Stopped by Vitek Vanecek without a rebound.
10:34 of 2nd period - Nico Sturm wins face-off versus Logan Brown in Wranglers zone.
11:03 of 2nd period - Frank Corrado is hit by Andrei Mironov and loses puck.
11:42 of 2nd period - Christian Jaros is hit by Dylan DeMelo and loses puck.
11:49 of 2nd period - Wrist shot by Logan Brown.
11:49 of 2nd period - Stopped by Vitek Vanecek without a rebound.
11:50 of 2nd period - Logan Brown wins face-off versus Chandler Stephenson in Wranglers zone.
11:51 of 2nd period - Wrist shot by Jakub Vrana.
11:51 of 2nd period - Goal by Jakub Vrana - Wranglers : 0 - Gulls : 3.
11:52 of 2nd period - Nico Sturm wins face-off versus Logan Brown in neutral zone.
11:57 of 2nd period - Snap shot by Peter Cehlarik.
11:57 of 2nd period - Stopped by Louis Domingue without a rebound.
11:58 of 2nd period - Logan Brown wins face-off versus Nico Sturm in Gulls zone.
12:11 of 2nd period - Backhand shot by Peter Cehlarik.
12:11 of 2nd period - Shot Blocked by Logan Brown.
12:13 of 2nd period - Slapshot by Barclay Goodrow.
12:13 of 2nd period - Shot Blocked by Anton Blidh.
12:32 of 2nd period - Snap shot by Scott Wilson.
12:32 of 2nd period - Shot Blocked by Brandon Hickey.
12:34 of 2nd period - Snap shot by Morgan Frost.
12:34 of 2nd period - Stopped by Vitek Vanecek without a rebound.
12:35 of 2nd period - Nico Sturm wins face-off versus Morgan Frost in Wranglers zone.
12:45 of 2nd period - Slapshot by Dylan DeMelo.
12:45 of 2nd period - Shot Misses the Net.
12:47 of 2nd period - Snap shot by Scott Wilson.
12:47 of 2nd period - Shot Misses the Net.
12:49 of 2nd period - Wrist shot by Scott Wilson.
12:49 of 2nd period - Stopped by Vitek Vanecek without a rebound.
12:50 of 2nd period - Chandler Stephenson wins face-off versus Logan Brown in Wranglers zone.
12:50 of 2nd period - Chandler Stephenson is hit by Dean Kukan.
13:16 of 2nd period - Scott Wilson is hit by Peter Cehlarik and loses puck.
13:32 of 2nd period - Minor Penalty to Frank Corrado for Delaying the game.
13:33 of 2nd period - Logan Brown wins face-off versus Phillip Danault in Wranglers zone.
13:39 of 2nd period - Minor Penalty to Jakub Vrana for Roughing.
13:40 of 2nd period - Nico Sturm wins face-off versus Anton Blidh in Gulls zone.
13:49 of 2nd period - Snap shot by Logan Brown.
13:49 of 2nd period - Stopped by Vitek Vanecek without a rebound.
13:50 of 2nd period - Anton Blidh wins face-off versus Nico Sturm in Wranglers zone.
14:39 of 2nd period - Slapshot by Nico Sturm.
14:39 of 2nd period - Shot Blocked by Dean Kukan.
15:06 of 2nd period - Snap shot by Nico Sturm.
15:06 of 2nd period - Stopped by Louis Domingue with a rebound.
15:08 of 2nd period - Slapshot by Peter Cehlarik.
15:08 of 2nd period - Shot Misses the Net.
15:10 of 2nd period - Snap shot by Dominik Masin.
15:10 of 2nd period - Shot Blocked by Dean Kukan.
15:18 of 2nd period - Backhand shot by Nico Sturm.
15:18 of 2nd period - Stopped by Louis Domingue with a rebound.
15:20 of 2nd period - Wrist shot by Peter Cehlarik.
15:20 of 2nd period - Deflect By Nico Sturm.
15:20 of 2nd period - Goal by Nico Sturm - Wranglers : 1 - Gulls : 3.
15:21 of 2nd period - Chandler Stephenson wins face-off versus Scott Wilson in neutral zone.
15:30 of 2nd period - Slapshot by Chandler Stephenson.
15:30 of 2nd period - Shot Misses the Net.
15:32 of 2nd period - Penalty to Frank Corrado is over, Frank Corrado is back on ice.
15:34 of 2nd period - Slapshot by Chandler Stephenson.
15:34 of 2nd period - Stopped by Louis Domingue without a rebound.
15:35 of 2nd period - Henri Ikonen wins face-off versus Chandler Stephenson in Gulls zone.
15:39 of 2nd period - Penalty to Jakub Vrana is over, Jakub Vrana is back on ice.
16:04 of 2nd period - Snap shot by Vladislav Kamenev.
16:04 of 2nd period - Shot Blocked by Jakub Vrana.
16:06 of 2nd period - Slapshot by Christian Jaros.
16:06 of 2nd period - Deflect By Vladislav Kamenev.
16:06 of 2nd period - Stopped by Louis Domingue without a rebound.
16:07 of 2nd period - Luke Kunin wins face-off versus Vladislav Kamenev in Gulls zone.
16:22 of 2nd period - Slapshot by Troy Terry.
16:22 of 2nd period - Stopped by Vitek Vanecek with a rebound.
16:32 of 2nd period - Slapshot by Christian Jaros.
16:32 of 2nd period - Shot Misses the Net.
16:38 of 2nd period - Wrist shot by Chandler Stephenson.
16:38 of 2nd period - Shot Misses the Net.
16:54 of 2nd period - Slapshot by Logan Brown.
16:54 of 2nd period - Deflect By Anton Blidh.
16:54 of 2nd period - Shot Blocked by Erik Brannstrom.
16:54 of 2nd period - Puck is out of play.
16:55 of 2nd period - Logan Brown wins face-off versus Nico Sturm in Wranglers zone.
17:05 of 2nd period - Slapshot by Dylan DeMelo.
17:05 of 2nd period - Deflect By Jakub Vrana.
17:05 of 2nd period - Shot Blocked by Frank Corrado.
17:05 of 2nd period - Puck is out of play.
17:06 of 2nd period - Logan Brown wins face-off versus Nico Sturm in Wranglers zone.
18:24 of 2nd period - Snap shot by Nick Merkley.
18:24 of 2nd period - Shot Misses the Net.
18:26 of 2nd period - Slapshot by Connor Clifton.
18:26 of 2nd period - Stopped by Vitek Vanecek with a rebound.
18:28 of 2nd period - Backhand shot by Henri Ikonen.
18:28 of 2nd period - Shot Hit the Post.
18:30 of 2nd period - Wrist shot by Henri Ikonen.
18:30 of 2nd period - Stopped by Vitek Vanecek without a rebound.
18:31 of 2nd period - Logan Brown wins face-off versus Chandler Stephenson in Wranglers zone.
18:58 of 2nd period - Peter Cehlarik is hit by Sergey Tolchinsky and loses puck.
19:07 of 2nd period - Slapshot by Nico Sturm.
19:07 of 2nd period - Stopped by Louis Domingue without a rebound.
19:08 of 2nd period - Chandler Stephenson wins face-off versus Logan Brown in Gulls zone.
19:09 of 2nd period - Snap shot by Erik Brannstrom.
19:09 of 2nd period - Stopped by Louis Domingue with a rebound.
Goals for this period are 1 for Wranglers vs 2 for Gulls.
Shots for this period are 12 for Wranglers vs 13 for Gulls.
3rd period
0:01 of 3rd period - Logan Brown wins face-off versus Nico Sturm in neutral zone.
0:10 of 3rd period - Snap shot by Logan Brown.
0:10 of 3rd period - Shot Misses the Net.
0:32 of 3rd period - Backhand shot by Anton Blidh.
0:32 of 3rd period - Stopped by Vitek Vanecek with a rebound.
0:34 of 3rd period - Snap shot by Logan Brown.
0:34 of 3rd period - Stopped by Vitek Vanecek without a rebound.
0:35 of 3rd period - Morgan Frost wins face-off versus Chandler Stephenson in Wranglers zone.
0:44 of 3rd period - Wrist shot by Morgan Frost.
0:44 of 3rd period - Shot Misses the Net.
0:46 of 3rd period - Snap shot by Jack Glover.
0:46 of 3rd period - Stopped by Vitek Vanecek without a rebound.
0:47 of 3rd period - Chandler Stephenson wins face-off versus Morgan Frost in Wranglers zone.
1:02 of 3rd period - Wrist shot by Chandler Stephenson.
1:02 of 3rd period - Shot Blocked by Morgan Frost.
1:17 of 3rd period - Slapshot by Erik Brannstrom.
1:17 of 3rd period - Shot Misses the Net.
1:23 of 3rd period - Slapshot by Andrei Mironov.
1:23 of 3rd period - Shot Blocked by Erik Brannstrom.
1:37 of 3rd period - Slapshot by Erik Brannstrom.
1:37 of 3rd period - Stopped by Louis Domingue with a rebound.
1:39 of 3rd period - Snap shot by Taylor Raddysh.
1:39 of 3rd period - Goal by Taylor Raddysh - Wranglers : 2 - Gulls : 3.
1:40 of 3rd period - Logan Brown wins face-off versus Peter Cehlarik in neutral zone.
1:56 of 3rd period - Minor Penalty to Anton Blidh for High sticking.
1:57 of 3rd period - Jakub Vrana wins face-off versus Nico Sturm in Gulls zone.
3:56 of 3rd period - Penalty to Anton Blidh is over, Anton Blidh is back on ice.
4:30 of 3rd period - Snap shot by Vitali Kravtsov.
4:30 of 3rd period - Stopped by Louis Domingue with a rebound.
4:44 of 3rd period - Slapshot by Nick Merkley.
4:44 of 3rd period - Shot Misses the Net.
7:01 of 3rd period - Brandon Hickey is hit by Sergey Tolchinsky.
7:21 of 3rd period - Scott Wilson is hit by Peter Cehlarik and loses puck.
7:28 of 3rd period - Peter Cehlarik is hit by Sergey Tolchinsky and loses puck.
7:38 of 3rd period - Icing by Brandon Hickey.
7:39 of 3rd period - Logan Brown wins face-off versus Nico Sturm in Wranglers zone.
7:53 of 3rd period - Icing by Brandon Hickey.
7:54 of 3rd period - Logan Brown wins face-off versus Nico Sturm in Wranglers zone.
8:17 of 3rd period - Barclay Goodrow is hit by Morgan Frost.
8:21 of 3rd period - Scott Wilson is hit by Christian Jaros and loses puck.
8:28 of 3rd period - Snap shot by Peter Cehlarik.
8:28 of 3rd period - Stopped by Louis Domingue without a rebound.
8:29 of 3rd period - Chandler Stephenson wins face-off versus Logan Brown in Gulls zone.
8:32 of 3rd period - Wrist shot by Phillip Danault.
8:32 of 3rd period - Stopped by Louis Domingue without a rebound.
8:33 of 3rd period - Logan Brown wins face-off versus Chandler Stephenson in Gulls zone.
8:42 of 3rd period - Slapshot by Erik Brannstrom.
8:42 of 3rd period - Shot Misses the Net.
8:44 of 3rd period - Slapshot by Erik Brannstrom.
8:44 of 3rd period - Shot Misses the Net.
8:46 of 3rd period - Slapshot by Erik Brannstrom.
8:46 of 3rd period - Deflect By Jesper Bratt.
8:46 of 3rd period - Shot Misses the Net.
8:46 of 3rd period - Puck is out of play.
8:47 of 3rd period - Logan Brown wins face-off versus Nico Sturm in Gulls zone.
9:12 of 3rd period - Jakub Vrana is hit by Taylor Raddysh and loses puck.
9:23 of 3rd period - Snap shot by Anton Blidh.
9:23 of 3rd period - Shot Misses the Net.
9:25 of 3rd period - Slapshot by Logan Brown.
9:25 of 3rd period - Shot Misses the Net.
9:27 of 3rd period - Backhand shot by Anton Blidh.
9:27 of 3rd period - Stopped by Vitek Vanecek with a rebound.
9:29 of 3rd period - Slapshot by Jack Glover.
9:29 of 3rd period - Shot Blocked by Erik Brannstrom.
9:31 of 3rd period - Slapshot by Jakub Vrana.
9:31 of 3rd period - Shot Misses the Net.
9:57 of 3rd period - Slapshot by Erik Brannstrom.
9:57 of 3rd period - Shot Misses the Net.
9:59 of 3rd period - Slapshot by Taylor Raddysh.
9:59 of 3rd period - Shot Blocked by Jakub Vrana.
10:01 of 3rd period - Wrist shot by Tanner Jeannot.
10:01 of 3rd period - Stopped by Louis Domingue with a rebound.
10:11 of 3rd period - Wrist shot by Tanner Jeannot.
10:11 of 3rd period - Deflect By Taylor Raddysh.
10:11 of 3rd period - Goal by Taylor Raddysh - Wranglers : 3 - Gulls : 3.
10:12 of 3rd period - Nico Sturm wins face-off versus Morgan Frost in neutral zone.
10:16 of 3rd period - Minor Penalty to Sergey Tolchinsky for Diving.
10:17 of 3rd period - Jakub Vrana wins face-off versus Nico Sturm in Gulls zone.
10:38 of 3rd period - Snap shot by Jesper Bratt.
10:38 of 3rd period - Stopped by Louis Domingue with a rebound.
10:40 of 3rd period - Slapshot by Erik Brannstrom.
10:40 of 3rd period - Stopped by Louis Domingue without a rebound.
10:41 of 3rd period - Barrett Hayton wins face-off versus Nico Sturm in Gulls zone.
10:52 of 3rd period - Snap shot by Peter Cehlarik.
10:52 of 3rd period - Stopped by Louis Domingue without a rebound.
10:53 of 3rd period - Jakub Vrana wins face-off versus Nico Sturm in Gulls zone.
10:59 of 3rd period - Icing by Frank Corrado.
11:00 of 3rd period - Nico Sturm wins face-off versus Jakub Vrana in Wranglers zone.
11:35 of 3rd period - Connor Clifton is hit by Chandler Stephenson and loses puck.
12:16 of 3rd period - Penalty to Sergey Tolchinsky is over, Sergey Tolchinsky is back on ice.
12:28 of 3rd period - Snap shot by Sergey Tolchinsky.
12:28 of 3rd period - Shot Blocked by Kaapo Kakko.
12:30 of 3rd period - Slapshot by Morgan Frost.
12:30 of 3rd period - Stopped by Vitek Vanecek without a rebound.
12:31 of 3rd period - Vladislav Kamenev wins face-off versus Morgan Frost in Wranglers zone.
12:36 of 3rd period - Slapshot by Trevor Carrick.
12:36 of 3rd period - Shot Misses the Net.
12:42 of 3rd period - Snap shot by Sergey Tolchinsky.
12:42 of 3rd period - Shot Misses the Net.
12:44 of 3rd period - Snap shot by Sergey Tolchinsky.
12:44 of 3rd period - Stopped by Vitek Vanecek without a rebound.
12:45 of 3rd period - Logan Brown wins face-off versus Nico Sturm in Wranglers zone.
12:48 of 3rd period - Wrist shot by Logan Brown.
12:48 of 3rd period - Shot Misses the Net.
14:16 of 3rd period - Snap shot by Anton Blidh.
14:16 of 3rd period - Shot Misses the Net.
14:18 of 3rd period - Slapshot by Jakub Vrana.
14:18 of 3rd period - Stopped by Vitek Vanecek without a rebound.
14:19 of 3rd period - Nico Sturm wins face-off versus Logan Brown in Wranglers zone.
14:44 of 3rd period - Connor Clifton is hit by Phillip Danault and loses puck.
14:55 of 3rd period - Snap shot by Chandler Stephenson.
14:55 of 3rd period - Shot Misses the Net.
15:56 of 3rd period - Snap shot by Nick Merkley.
15:56 of 3rd period - Shot Misses the Net.
15:58 of 3rd period - Slapshot by Henri Ikonen.
15:58 of 3rd period - Deflect By Nick Merkley.
15:58 of 3rd period - Goal by Nick Merkley - Wranglers : 3 - Gulls : 4.
15:59 of 3rd period - Ryan Donato wins face-off versus Luke Kunin in neutral zone.
16:04 of 3rd period - Snap shot by Tanner Jeannot.
16:04 of 3rd period - Stopped by Louis Domingue with a rebound.
16:12 of 3rd period - Snap shot by Taylor Raddysh.
16:12 of 3rd period - Stopped by Louis Domingue with a rebound.
16:43 of 3rd period - Wrist shot by Luke Kunin.
16:43 of 3rd period - Shot Blocked by Frank Corrado.
17:05 of 3rd period - Phillip Danault is hit by Luke Kunin and loses puck.
17:16 of 3rd period - Snap shot by Luke Kunin.
17:16 of 3rd period - Stopped by Vitek Vanecek with a rebound.
17:18 of 3rd period - Slapshot by Jack Glover.
17:18 of 3rd period - Stopped by Vitek Vanecek without a rebound.
17:19 of 3rd period - Logan Brown wins face-off versus Tanner Jeannot in Wranglers zone.
18:00 of 3rd period - Scott Wilson is hit by Barclay Goodrow and loses puck.
18:19 of 3rd period - Slapshot by Andrei Mironov.
18:19 of 3rd period - Shot Misses the Net.
19:02 of 3rd period - Snap shot by Logan Brown.
19:02 of 3rd period - Stopped by Vitek Vanecek without a rebound.
19:03 of 3rd period - Craig MacTavish call a timeout for Wranglers.
19:03 of 3rd period - Logan Brown wins face-off versus Nico Sturm in Wranglers zone.
19:06 of 3rd period - Wrist shot by Anton Blidh.
19:06 of 3rd period - Shot Misses the Net.
19:14 of 3rd period - Slapshot by Logan Brown.
19:14 of 3rd period - Shot Misses the Net.
19:23 of 3rd period - Double Minor Penalty to Erik Brannstrom for High sticking.
19:24 of 3rd period - Phillip Danault wins face-off versus Logan Brown in Wranglers zone.
Goals for this period are 2 for Wranglers vs 1 for Gulls.
Shots for this period are 12 for Wranglers vs 11 for Gulls.